 Dungeon Crawl Stone Soup version 0.30.0-15-g856e2d3f33 (webtiles) character file.

Game seed: 451380854790030147

99 MacCMillion the Chopper (level 4, -8/39 HPs)
             Began as a Hill Orc Fighter on May 19, 2023.
             Mangled by Natasha (11 damage)
             ... on level 2 of the Dungeon.
             The game lasted 00:01:48 (1293 turns).

MacCMillion the Chopper (Hill Orc Fighter)          Turns: 1293, Time: 00:01:48

Health: -8/39      AC:  7    Str: 20    XL:     4   Next: 72%
Magic:  4/4        EV:  9    Int:  8    God:
Gold:   23         SH:  4    Dex: 10    Spells: 3/3 levels left

rFire   . . .        a - +0 war axe
rCold   . . .        c - +0 buckler
rNeg    . . .        b - +0 scale mail
rPois   .            (no helmet)
rElec   .            (no cloak)
rCorr   .            (no gloves)
SInv    .            (no boots)
Will    .....        (no amulet) Stlth
                     (no ring)
HPRegen 0.26/turn    (no ring)
MPRegen 0.09/turn

%: no passive effects
@: slowed, very slow
A: no striking features
a: no special abilities


You were on level 2 of the Dungeon.
You visited 1 branch of the dungeon, and saw 2 of its levels.

You collected 23 gold pieces.

Inventory:

Hand Weapons
 a - a +0 war axe (weapon)
Armour
 b - a +0 scale mail (worn)
 c - a +0 buckler (worn)
Scrolls
 f - 2 scrolls of immolation {unknown}
 h - a scroll of vulnerability {unknown}
 i - a scroll of identify {unknown}
Potions
 d - 3 potions of might
 e - a potion of invisibility {unknown}
 g - a potion of resistance {unknown}


   Skills:
 - Level 3.6 Fighting
 + Level 5.3 Axes
 - Level 3.7 Armour
 - Level 4.0 Shields


You had 3 spell levels left.
You didn't know any spells.
Your spell library contained the following spells:

 Spells                   Type           Power      Damage    Failure   Level
 Portal Projectile        Hex/Tloc       0%         N/A       99%         3
 Tukima's Dance           Hex            0%         N/A       99%         3
 Blade Hands              Tmut           0%         N/A       100%        5


Dungeon Overview and Level Annotations

Branches:
Dungeon (2/15)

Altars:

Annotations:
D:2 Natasha


Message History

You barely miss Natasha.
Natasha is severely wounded.
You slash the cerulean imp! The cerulean imp barely misses you.
The cerulean imp hits you with a +1 spear.
Natasha stares at you and mumbles some strange words.
The magic dart hits you.
The cerulean imp hits you from afar with a +1 spear.
You block the cerulean imp's attack. Natasha claws you.
You are too injured to fight recklessly!
You are too injured to fight recklessly!
You barely miss Natasha.
Natasha is severely wounded.
You hit the cerulean imp but do no damage.
The cerulean imp hits you from afar with a +1 spear.
The cerulean imp hits you but does no damage.
Natasha claws you but does no damage.
The cerulean imp hits you but does no damage.
You block the cerulean imp's attack. Natasha claws you!
* * * LOW HITPOINT WARNING * * *
You closely miss Natasha.
Natasha is severely wounded.
You closely miss the cerulean imp.
You feel yourself speed up.
The cerulean imp hits you but does no damage.
The cerulean imp hits you with a +1 spear.
* * * LOW HITPOINT WARNING * * *
Natasha casts a spell at you.
You feel yourself slow down. The cerulean imp barely misses you.
The cerulean imp completely misses you. Natasha closely misses you.
Unknown command.
You closely miss Natasha.
Natasha is severely wounded.
You completely miss the cerulean imp. The cerulean imp closely misses you.
The cerulean imp hits you but does no damage.
Natasha mewls in sadness.
Natasha stares at you and mumbles some strange words.
You feel as though you will be slow longer.
The cerulean imp hits you but does no damage.
The cerulean imp closely misses you. Natasha claws you!
You die...

.## ..#### . ##.....
# ## ..#. .# .#
#.#.# #.# .# #.#.#
... .#####
#.#.####5# .....#
#.#.##.h.# .....#
#.#.##@# ######
#.#.#5.# # #.#...##
# #.#...# #...###
##..#
############..#####
..................#
.###...#...######...


You could see Natasha (strong) and 2 cerulean imps.

Vanquished Creatures
  Natasha (twice) (D:2)
  A dart slug (D:1)
  6 bats (D:1)
  3 endoplasms
  7 goblins
  3 hobgoblins
  6 jackals
  7 ball pythons
  2 frilled lizards (D:1)
  4 kobolds
  3 rats
44 creatures vanquished.

Notes
Turn   | Place    | Note
-------+----------+-------------------------------------------
     0 | D:1      | MacCMillion the Hill Orc Fighter began the quest for the
                  | Orb.
     0 | D:1      | Reached XP level 1. HP: 19/19 MP: 1/1
    40 | D:1      | Reached skill level 3 in Axes
    41 | D:1      | Reached XP level 2. HP: 22/26 MP: 2/2
   497 | D:1      | Reached XP level 3. HP: 31/31 MP: 3/3
   887 | D:2      | Noticed Natasha
   896 | D:2      | Killed Natasha
   897 | D:2      | Reached skill level 4 in Axes
   897 | D:2      | Reached XP level 4. HP: 31/39 MP: 4/4
  1103 | D:2      | Found a faded altar of an unknown god.
  1106 | D:2      | Noticed Natasha
  1120 | D:2      | Killed Natasha
  1121 | D:2      | Reached skill level 5 in Axes
  1280 | D:2      | Noticed Natasha
  1293 | D:2      | Mangled by Natasha

Illustrated notes

Levels and vault maps discovered:
D:1:      dpeg_arrival_fog, layout_loops_ring, minmay_crystal_room
D:2:      layout_rooms, serial_co_window_serial, co_window_paths_b,
          co_window_paths_a, co_window_paths_a, co_window_paths_a,
          co_window_of_opportunity_a, co_window_corner_b, co_window_broadway_b,
          co_window_corner_cb, co_window_paths_d, co_window_sun,
          shapermc_ecumenical_altar_flowoftime, uniq_natasha

Skill      XL: |  1  2  3  4 |
---------------+-------------+-----
Axes           | 3 4 5 |  5.3
Shields        | 4 |  4.0
Fighting       | |  3.6
Armour         | |  3.7

Action                     |  1- 3 |  4- 6 || total
---------------------------+-------+-------++-------
  Melee: War axe           |    96 |    47 ||   143
 Armour: Scale mail        |    55 |    37 ||    92
  Dodge: Dodged            |    65 |    31 ||    96
  Block: Buckler           |    30 |     9 ||    39
